 Dungeon Crawl Stone Soup version bcrawl-1.21.2-20-g6d45ba5942 (webtiles) character file.

Game seed: 12233517791027331020

172 Mrkan the Shield-Bearer (level 5, 0/47 HPs)
             Began as a Minotaur Fighter on Feb 25, 2020.
             Was an Initiate of Ashenzari.
             Slain by a goblin
             ... wielding a +0 club
             ... led by Robin
              (4 damage)
             ... on level 3 of the Dungeon.
             The game lasted 00:03:07 (2202 turns).

Mrkan the Shield-Bearer (Minotaur Fighter)          Turns: 2202, Time: 00:03:08

Health: 0/47       AC:  8    Str: 20    XL:     5   Next: 27%
Magic:  4/4        EV:  7    Int:  5    God:    Ashenzari [......]
Gold:   181        SH:  9    Dex: 11    Spells: 4/4 levels left

rFire    . . .     SeeInvis .   a - +0 war axe
rCold    . . .     Gourm    .   c - +0 medium shield (curse)
rNeg     . . .     Faith    .   b - +0 scale mail
rPois    .         Spirit   .   (helmet restricted)
rElec    .         Reflect  .   r - +0 cloak (curse)
rCorr    .         Harm     .   (no gloves)
MR       .....                  (no boots)
Stlth    ..........             (no amulet)
HPRegen  0.15/turn              (no ring)
MPRegen  0.09/turn              (no ring)

@: slowed, very slow
A: retaliatory headbutt, horns 2
a: Curse Item, Renounce Religion


You were on level 3 of the Dungeon.
You worshipped Ashenzari.
Ashenzari was noncommittal.
You were not hungry.

You visited 1 branch of the dungeon, and saw 3 of its levels.

You collected 181 gold pieces.

Inventory:

Hand Weapons
 a - a +0 war axe (weapon)
Missiles
 o - a throwing net (quivered) {!f}
Armour
 b - a +0 scale mail (worn)
 c - a cursed +0 medium shield (worn)
 r - a cursed +0 cloak (worn)
Scrolls
 f - a scroll of teleportation {unknown}
 g - a scroll of blinking {unknown}
 h - 2 scrolls of amnesia {unknown}
 i - 4 scrolls of remove curse {unknown}
 m - 4 scrolls of identify {unknown}
 q - a scroll of fog {unknown}
Potions
 d - a potion of might
 j - a potion of mutation {unknown}
 k - 2 potions of invisibility {unknown}
 l - a potion of cancellation {unknown}
 n - a potion of haste {unknown}
 p - a potion of brilliance {unknown}
Comestibles
 e - 4 rations {!d}


   Skills:
 + Level 4.5 Fighting
 * Level 4.6 Axes
 + Level 4.5 Armour
 + Level 4.6 Shields


You had 4 spell levels left.
You didn't know any spells.
Your spell library was empty.

Dungeon Overview and Level Annotations

Branches:
Dungeon (3/12)

Altars:
Ashenzari
Qazlal
Ru

Annotations:
D:3 Natasha, Robin


Innate Abilities, Weirdness & Mutations

You reflexively headbutt those who attack you in melee.
You have a pair of horns on your head.


Message History

Robin hits you from afar with a +0 trident!
You block the hobgoblin's attack. The gnoll hits you.
The gnoll hits you but does no damage. The goblin hits you but does no damage.
Natasha mumbles some strange words.
You hit Natasha.
Natasha is severely wounded.
You hit the goblin. You barely miss the hobgoblin. You hit the gnoll.
You hit the goblin. You closely miss the goblin. You hit the goblin.
You block the goblin's attack. The goblin hits you but does no damage.
The gnoll hits you from afar with a +0 spear.
The goblin completely misses you.
The hobgoblin hits you but does no damage.
The gnoll hits you!
* * * LOW HITPOINT WARNING * * *
Robin laughs in a distinctly smug fashion.
Robin hits you from afar with a +0 trident.
* * * LOW HITPOINT WARNING * * *
You block the gnoll's attack. Natasha closely misses you.
The goblin hits you but does no damage. The goblin hits you with a +0 club.
You die...

.....# #..........#
.....# #........###
.....# #....>...# .....#
#........# .....#
#........# .....#
#........# .....#
##........#
######.........5gg######
.........h@g......
.........ggg.%....
..........ggg?....
....[..###........
####### #........
#........ #.......(
#........


You could see Robin, Natasha, 3 gnolls, a white imp, a hobgoblin and 4 goblins.

Vanquished Creatures
  Natasha (D:3)
  2 orc wizards (D:3)
  2 adders (D:3)
  2 worms
  3 leopard geckos
  5 orcs
  4 bats (D:1)
  2 giant cockroaches
  7 goblins
  10 hobgoblins
  12 kobolds
  2 quokkas (D:2)
  5 frilled lizards
  7 rats
64 creatures vanquished.

Notes
Turn   | Place    | Note
-------+----------+-------------------------------------------
     0 | D:1      | Mrkan the Minotaur Fighter began the quest for the Orb.
     0 | D:1      | Reached XP level 1. HP: 19/19 MP: 0/0
   194 | D:1      | Reached XP level 2. HP: 24/27 MP: 1/1
   559 | D:1      | Reached XP level 3. HP: 33/33 MP: 2/2
   940 | D:2      | Found a shattered altar of Ashenzari.
   950 | D:2      | Became a worshipper of Ashenzari the Shackled
  1215 | D:2      | Found a stormy altar of Qazlal.
  1314 | D:2      | Found a sacrificial altar of Ru.
  1813 | D:3      | Reached XP level 4. HP: 29/40 MP: 3/3
  1956 | D:3      | Reached XP level 5. HP: 45/47 MP: 4/4
  1992 | D:3      | Noticed Natasha
  2005 | D:3      | Killed Natasha
  2194 | D:3      | Noticed Natasha
  2196 | D:3      | Identified the +1 helmet "Juboudeo" {MR+ Slay+6}
  2196 | D:3      | Noticed Robin
  2202 | D:3      | Slain by a goblin

Skill      XL: |  1  2  3  4 |
---------------+-------------+-----
Axes           | 3 4 |  4.6
Shields        | 4 |  4.6
Armour         | 4 |  4.5
Fighting       | 4 |  4.5

Action                   |  1- 3 |  4- 6 || total
-------------------------+-------+-------++-------
Melee: War axe           |    89 |    37 ||   126
       Headbutt          |    12 |     5 ||    17
Invok: Curse Item        |     2 |       ||     2
  Eat: Chunk             |     2 |     2 ||     4
Armor: Scale mail        |    28 |    25 ||    53
Dodge: Dodged            |    21 |    15 ||    36
Block: Medium shield     |    50 |    30 ||    80
